 Dungeon Crawl Stone Soup version 0.28-a0-206-gc2c9e32840 (webtiles) character file.

Game seed: 3271502472848251917

42 aSlayers the Chiller (level 3, 0/24 HPs)
             Began as a Demonspawn Ice Elementalist on Aug 19, 2021.
             Slain by a gnoll (9 damage)
             ... on level 3 of the Dungeon on Aug 20, 2021.
             The game lasted 00:09:26 (2284 turns).

aSlayers the Chiller (Demonspawn Ice Elementalist)  Turns: 2284, Time: 00:09:27

Health: 0/24       AC:  2    Str:  8    XL:     3   Next: 33%
Magic:  6/7        EV: 12    Int: 17    God:
Gold:   97         SH:  0    Dex: 13    Spells: 6/7 levels left

rFire   . . .      SeeInvis .   i - +0 short sword
rCold   . . .      Faith    .   (no shield)
rNeg    . . .      Spirit   .   a - +0 robe
rPois   .          Reflect  .   (no helmet)
rElec   .          Harm     .   (no cloak)
rCorr   .          Rampage  .   (no gloves)
Will    .....                   (no boots)
Stlth   ++........              (no amulet)
HPRegen 0.08/turn               (no ring)
MPRegen 0.10/turn               (no ring)

@: about to teleport
A: hooves 1, ignite blood 1
a: no special abilities


You were on level 3 of the Dungeon.
You visited 1 branch of the dungeon, and saw 4 of its levels.

You collected 97 gold pieces.

Inventory:

Hand Weapons
 b - a +0 club
 i - a +0 short sword (weapon)
Armour
 a - a +0 robe (worn)
 h - a +0 leather armour
Scrolls
 c - a scroll of teleportation
 e - 2 scrolls of identify
 l - a scroll of magic mapping {unknown}
 n - a scroll of brand weapon {unknown}
Potions
 d - 2 potions of mutation {unknown}
 f - a potion of flight
 g - a potion of resistance {unknown}
 j - 2 potions of might {unknown}
 k - 2 potions of heal wounds {unknown}
 m - a potion of lignification {unknown}


   Skills:
 + Level 2.0 Dodging
 + Level 1.9 Stealth
 + Level 2.7 Spellcasting
 + Level 4.1 Ice Magic


You had 6 spell levels left.
You knew the following spells:

 Your Spells              Type           Power      Damage    Failure   Level
a - Freeze                Ice            64%        1d8       3%          1

Your spell library contained the following spells:

 Spells                   Type           Power      Damage    Failure   Level
 Frozen Ramparts          Ice            32%        1d5       10%         3
 Ozocubu's Armour         Ice            16%        N/A       10%         3
 Hailstorm                Conj/Ice       9%         3d4       61%         4
 Chain Lightning          Conj/Air       1%         3d1       100%        9
 Fire Storm               Conj/Fire      1%         7d1       100%        9


Dungeon Overview and Level Annotations

Branches:
Dungeon (4/15)
 Temple: D:4-7

Altars:


Innate Abilities, Weirdness & Mutations

You have large cloven feet.
Your demonic aura sometimes causes spilled blood to erupt in flames.


Message History

A rat comes into view.
The gnoll closely misses you.
Casting: Freeze (safe; 3% risk of failure)
Confirm with . or Enter, or press ? or * to list all spells.
Aiming: Freeze (safe; 3% risk of failure)
Press: ? - help, Shift-Dir - straight line, f - rat
Aim: a rat You freeze the rat.
You kill the rat!
The gnoll shouts!
You hear a shout!
The gnoll hits you from afar with a +0 spear.
Unknown command.
The gnoll barely misses you.
The gnoll hits you from afar with a +0 halberd.
Casting: Freeze (safe; 3% risk of failure)
Confirm with . or Enter, or press ? or * to list all spells.
Aiming: Freeze (safe; 3% risk of failure)
Press: ? - help, Shift-Dir - straight line, f - gnoll
Aim: a gnoll, wielding a +0 spear You freeze the gnoll.
The gnoll is moderately wounded.
The gnoll hits you with a +0 spear. The gnoll barely misses you.
The gnoll closely misses you.
There is a stone staircase leading down here.
The gnoll barely misses you.
You climb downwards.
There is a stone staircase leading up here.
You can't go down here!
You climb upwards.
The gnoll barely misses you.
A kobold comes into view. It is wielding a +0 short sword.
The gnoll hits you with a +0 spear. The gnoll barely misses you.
There is a stone staircase leading down here.
As you read the scroll of teleportation, it crumbles to dust.
You feel strangely unstable.
The kobold shouts!
The gnoll barely misses you. The gnoll closely misses you.
The gnoll hits you from afar with a +0 spear.
The gnoll closely misses you.
The gnoll hits you from afar with a +0 halberd!
You die...

##..########
≈###≈.....###........##
≈≈≈≈≈......####.####..#
.....................#
≈≈≈......###.#.###..# #
#≈......# #.#.# #..# #≈.
#≈......###.#.###..#
#≈.≈###≈..........#.....##
≈≈.≈≈≈≈≈r.@...#########.#
.....K..g.>#......#.....#
≈≈.≈≈≈≈≈g#g##.###.#.###.#
#≈.≈###≈.#.##.# #.#.# #.#
#≈. #≈.#.##.###.#.###.# #
#≈.#..............#
≈≈..#####........## .(...
............#
.#...######.[.....#


You could see 3 gnolls, a kobold and a rat.

Vanquished Creatures
  An adder (D:2)
  5 ball pythons
  2 bats
  6 endoplasms
  2 giant cockroaches
  A goblin (D:1)
  3 hobgoblins
  3 jackals (D:1)
  2 kobolds (D:1)
  3 rats
28 creatures vanquished.

Vanquished Creatures (others)
  A plant (D:1)
1 creature vanquished.

Grand Total: 29 creatures vanquished

Notes
Turn   | Place    | Note
-------+----------+-------------------------------------------
     0 | D:1      | aSlayers the Demonspawn Ice Elementalist began the quest
                  | for the Orb.
     0 | D:1      | Reached XP level 1. HP: 13/13 MP: 3/3
   317 | D:1      | Gained mutation: You have large cloven feet. [demonic
                  | ancestry]
   317 | D:1      | Reached XP level 2. HP: 19/19 MP: 1/5
   436 | D:1      | Found a faded altar of an unknown god.
   903 | D:1      | Reached skill level 4 in Ice Magic
   909 | D:1      | Upgraded the game from 0.28-a0-199-g298df9dbad to
                  | 0.28-a0-206-gc2c9e32840
  1599 | D:2      | Gained mutation: Your demonic aura sometimes causes spilled
                  | blood to erupt in flames. [demonic ancestry]
  1599 | D:2      | Reached XP level 3. HP: 18/24 MP: 1/6
  2284 | D:3      | Slain by a gnoll

Illustrated notes

Levels and vault maps discovered:
D:1:      saegor_arrival_simple_d, layout_basic,
          hellmonk_ecumenical_altar_dog_temple, serial_bayou_ford_a
D:2:      layout_basic
D:3:      layout_rooms, minmay_misc_feat_cross, kennysheep_boxes, uniq_grinder
D:4:      layout_loops_cross, minmay_temple_entry_arrows

Skill      XL: |  1  2 |
---------------+-------+-----
Dodging        | 2 |  2.0
Ice Magic      | 4 |  4.1
Stealth        | |  1.9
Spellcasting   | |  2.7

Action                   || total
-------------------------++-------
Melee: Short sword       ||    25
       Kick              ||     7
 Cast: Freeze            ||    38
  Use: Scroll            ||     5
Armor: Robe              ||    12
Dodge: Dodged            ||    57

Table legend: (Time is in decaauts)
 A = Elapsed time spent in this place.
 B = Non-inter-level travel time spent in this place.
 C = Inter-level travel time spent in this place.
 D = Time resting spent in this place.
 E = Time spent auto-exploring this place.
 F = Levels seen in this place.
 G = Mean time per level.
                   A        B        C        D        E       F      G
               +--------+--------+--------+--------+--------+-----+--------+
         Total |   2291 |   2291 |      0 |      0 |   1727 |   4 |  572.8 |
       Dungeon |   2291 |   2291 |      0 |      0 |   1727 |   4 |  572.8 |
               +--------+--------+--------+--------+--------+-----+--------+

Top non-repeatable levels by time:
     D:2: 1138 daAuts
     D:1: 1082 daAuts
     D:3: 69 daAuts
     D:4: 1 daAuts
